 Dungeon Sprint DCSS version 0.21-a0-352-g5b8f553 (webtiles) character file.

42726 Kidiri the Warrior (level 13, -10/186 HPs)
             Began as a Pale Draconian Berserker on Oct 10, 2017.
             Was a High Priest of Trog.
             Mangled by an azure jelly (57 damage)
             ... in the Dungeon (Sprint III: "The Ten Rune Challenge").
             The game lasted 00:33:39 (5143 turns).

Kidiri the Warrior (Pale Draconian Berserker)       Turns: 5143, Time: 00:33:40

Health: -10/186    AC: 11    Str: 28    XL:     13   Next: 16%
Magic:  0/22       EV: 21    Int: 15    God:    Trog [*****.]
Gold:   3291       SH:  0    Dex: 11    Spells: 12/12 levels left

rFire    + . .     SeeInvis .   h - +6 great mace (holy)
rCold    x . .     Gourm    .   (shield currently unavailable)
rNeg     . . .     Faith    .   (armour unavailable)
rPois    .         Spirit   +   y - +1 hat {MR+}
rElec    +         Reflect  .   (no cloak)
rCorr    .         Harm     .   K - +0 pair of gloves
MR       ++...     Clarity  +   E - +0 pair of boots "Omuloas" {+Blink rElec Int+6} Stlth ..........NoTele +
                                i - amulet of guardian spirit
HPRegen  0.41/turn              u - ring of magical power
MPRegen  0.18/turn              v - ring of fire

@: berserking, short of breath, slowed, studying Throwing
A: breathe steam, unfitting armour, claws 1, clarity, frail 1, magic resistance
1, electricity resistance, cold-blooded, AC +8
}: 1/10 runes: serpentine
a: Breathe Steam, Berserk, Trog's Hand, Brothers in Arms, Burn Spellbooks,
Renounce Religion, Evoke Blink


You were in the Dungeon.
You worshipped Trog.
Trog was extremely pleased with you.
You were near starving.

You visited 1 branch You collected 3553 gold pieces.
You spent 262 gold pieces at shops.

Inventory:

Hand Weapons
 a - a +6 antimagic great mace
 h - a +6 great mace of holy wrath (weapon)
Missiles
 b - 4 javelins
 d - 4 javelins of returning
 e - 7 poisoned javelins
 f - 8 needles of frenzy
 g - 7 needles of sleeping
 q - 12 javelins of penetration
 r - 7 silver javelins
 s - 7 steel javelins
 t - 5 throwing nets
 z - 6 tomahawks of returning (quivered)
Armour
 y - a +1 hat of magic resistance (worn)
 E - the +0 pair of boots "Omuloas" (worn) {+Blink rElec Int+6}
   (You found it in the Dungeon)

   It affects your intelligence (+6).
   It insulates you from electricity.
   It lets you blink.
 H - a cursed +0 buckler
 K - a +0 pair of gloves (worn)
Jewellery
 i - an amulet of guardian spirit (around neck)
 u - a ring of magical power (left hand)
 v - a ring of fire (right hand)
Wands
 k - a wand of random effects (32/48)
 w - a wand of acid (9/15)
Scrolls
 c - 3 scrolls of silence {unknown}
 j - 2 scrolls of amnesia {unknown}
 m - 4 scrolls of remove curse
 o - a scroll of immolation
 p - a scroll of fear {unknown}
 A - a scroll of torment
Potions
 n - 2 potions of flight
 B - 2 potions of lignification {unknown}
 C - 2 potions of resistance {unknown}
 D - a potion of berserk rage
 F - 2 potions of curing
 G - a potion of haste
 I - 2 potions of heal wounds
 J - 2 potions of magic
Books
 x - a manual of Throwing
Comestibles
 l - 26 royal jellies


   Skills:
 * Level 19.6 Fighting
 * Level 18.2 Maces & Flails
 + Level 12.5 Throwing
 * Level 16.9 Dodging


You had 12 spell levels left.
You didn't know any spells.

Dungeon Overview and Level Annotations

Branches:
Dungeon (1/1)

Altars:
Cheibriados
Dithmenos
Elyvilon
Fedhas
Gozag
Hepliaklqana
Kikubaaqudgha
Makhleb
Nemelex Xobeh
Okawaru
Qazlal
Ru
Sif Muna
Trog
Uskayaw
Vehumet
Wu Jian
Xom
Yredelemnul
Zin
The Shining One
Beogh
Jiyva
Lugonu

Shops:
D [}?[

Annotations:
D exclusion: 2 doors


Innate Abilities, Weirdness & Mutations

You can breathe blasts of scalding, opaque steam.
Your pale cyan-grey scales are hard. (AC +8)
You cannot fit into any form of body armour.
You are cold-blooded and may be slowed by cold attacks.
You have sharp fingernails.
You possess an exceptional clarity of mind.
You are frail. (-10% HP)
You are resistant to hostile enchantments. (MR+)
You are resistant to electric shocks. (rElec)


Message History

You feel much better.
The azure jelly is engulfed in a cloud of scalding steam. x2
The azure jelly misses you. The azure jelly barely misses you.
The azure jelly hits you.
* * * LOW HITPOINT WARNING * * *
The azure jelly hits you.
* * * LOW HITPOINT WARNING * * *
The azure jelly is engulfed in a cloud of scalding steam.
A red film seems to cover your vision as you go berserk!
You feel yourself moving faster!
You feel mighty!
You are near starving!
You feel yourself speed up.
The azure jelly hits you but does no damage. x2
The azure jelly completely misses you. The azure jelly closely misses you.
The azure jelly is engulfed in a cloud of scalding steam. x2
The azure jelly hits you.
* * * LOW HITPOINT WARNING * * *
The azure jelly freezes you!!!
You feel a terrible chill!
You feel yourself slow down.
You die...

▓.................#___#__
▓▓▓▓▓▓▓▓▓▓▓▓▓▓▓▓▓▓▓▓▓▓▓▓▓
▓...+.≈§≈≈≈≈≈≈♣♣.....♣♣♣
▓...#≈≈§≈≈§≈≈≈♣♣.≈≈≈≈'♣♣
▓...#≈≈§§§≈≈≈≈≈')....#.)
▓...#≈≈§§§§§≈≈♣♣♣♣♣♣♣#..
▓..)#≈§≈≈≈§§≈≈♣ ###
▓##.####+#######♣ ♣♣♣♣
▓..J§JJ@..[.....♣♣ ♣...
▓#'#############+♣ ♣♣.#
▓...#≈........)..♣ ♣..
▓...+≈≈...########♣♣ ♣♣.
▓...#≈≈≈...........♣ ♣♣T
▓...#≈≈≈≈..........♣ ♣..
#+#############+########
#)........ #.........


You could see 2 azure jellies.

Vanquished Creatures
  A deep elf blademaster (D)
  Gastronok (D)
  A nagaraja (D)
  2 deep elf demonologists (D)
  2 deep elf annihilators (D)
  2 deep elf high priests (D)
  2 anacondas (D)
  A death yak (D)
  An orc high priest (D)
  An orc knight (D)
  A deep elf mage (D)
  A guardian serpent (D)
  An elephant (D)
  2 spiny frogs (D)
  3 black mambas (D)
  A komodo dragon (D)
  A rime drake (D)
  A tyrant leech (D)
  3 wandering mushrooms (D)
  8 blink frogs (D)
  3 redbacks (D)
  A shadow (D)
  A naga (D)
  A spatial vortex (D)
  A water moccasin (D)
  An orc warrior (D)
  A swamp drake (D)
  4 two-headed ogres (D)
  A water elemental (D)
  A scorpion (D)
  10 killer bees (D)
  2 orc priests (D)
  A wizard (D)
  A jelly (D)
  An orc wizard (D)
  A necromancer (D)
  2 humans (D)
  A kobold demonologist (D)
  3 adders (D)
  An ooze (D)
  3 orcs (D)
  3 rats (D)
  13 plants (D)
93 creatures vanquished.

Vanquished Creatures (collateral kills)
  Rupert (D)
  2 dire elephants (D)
  Erolcha (D)
  A naga warrior (D)
  4 anacondas (D)
  3 death yaks (D)
  Urug (D)
  2 deep elf knights (D)
  A lindwurm (D)
  3 deep elf magi (D)
  3 black mambas (D)
  An elephant (D)
  A two-headed ogre (D)
  A queen bee (D)
  A tyrant leech (D)
  2 redbacks (D)
  A human (D)
  A naga (D)
  3 water moccasins (D)
  2 orc warriors (D)
  A necrophage (D)
  22 killer bees (D)
  An orc priest (D)
  An adder (D)
  6 orcs (D)
66 creatures vanquished.

Vanquished Creatures (others)
  2 draconian scorchers (D)
  6 hellions (D)
  2 yaktaurs (D)
  An electric eel (D)
  A plant (D)
12 creatures vanquished.

Grand Total: 171 creatures vanquished

Notes
Turn   | Place    | Note
-------+----------+-------------------------------------------
     0 | D        | Kidiri the Draconian Berserker began the quest for the Orb.
     0 | D        | Reached XP level 1. HP: 19/19 MP: 1/1
    18 | D        | Killed an electric eel
    19 | D        | Reached ** piety under Trog
    19 | D        | Reached skill level 4 in Fighting
    69 | D        | Reached skill level 1 in Throwing
    69 | D        | Reached XP level 2. HP: 28/28 MP: 2/2
    79 | D        | Killed a hellion
    79 | D        | Killed a hellion
    80 | D        | Killed a hellion
    80 | D        | Killed a hellion
    87 | D        | Killed a hellion
   110 | D        | Killed a hellion
   152 | D        | Noticed a scorpion
   155 | D        | Killed a yaktaur
   158 | D        | Killed a scorpion
   158 | D        | Reached skill level 5 in Fighting
   158 | D        | Reached skill level 5 in Maces & Flails
   158 | D        | Reached XP level 3. HP: 37/37 MP: 3/3
   158 | D        | Reached XP level 4. HP: 44/44 MP: 4/4
   166 | D        | Killed a white draconian scorcher
   175 | D        | Gained mutation: You possess an exceptional clarity of mind. [potion of mutation]
   175 | D        | Gained mutation: You have supernaturally acute eyesight. (SInv) [potion of mutation]
   176 | D        | Lost mutation: You possess an exceptional clarity of mind. [potion of mutation]
   176 | D        | Lost mutation: You have supernaturally acute eyesight. (SInv) [potion of mutation]
   176 | D        | Gained mutation: Your flesh is cold resistant. (rC+) [potion of mutation]
   176 | D        | Gained mutation: Your muscles are strong. (Str +2) [potion of mutation]
   177 | D        | Lost mutation: Your muscles are strong. (Str +2) [potion of mutation]
   177 | D        | Lost mutation: Your flesh is cold resistant. (rC+) [potion of mutation]
   177 | D        | Gained mutation: You have a pair of small horns on your head. [potion of mutation]
   177 | D        | Gained mutation: You have large cloven feet. [potion of mutation]
   178 | D        | Lost mutation: You have large cloven feet. [potion of mutation]
   178 | D        | Lost mutation: You have a pair of small horns on your head. [potion of mutation]
   178 | D        | Gained mutation: You are robust. (+10% HP) [potion of mutation]
   178 | D        | Gained mutation: Your tail ends in a poisonous barb. [potion of mutation]
   178 | D        | Gained mutation: You have sharp fingernails. [potion of mutation]
   178 | D        | Gained mutation: You possess an exceptional clarity of mind. [potion of mutation]
   179 | D        | Lost mutation: Your tail ends in a poisonous barb. [potion of mutation]
   179 | D        | Lost mutation: You are robust. (+10% HP) [potion of mutation]
   179 | D        | Gained mutation: You are resistant to hostile enchantments. (MR+) [potion of mutation]
   179 | D        | Gained mutation: You are frail. (-10% HP) [potion of mutation]
   179 | D        | Gained mutation: You are resistant to electric shocks. (rElec) [potion of mutation]
   194 | D        | Killed a white draconian scorcher
   213 | D        | Noticed a water elemental
   217 | D        | Killed a water elemental
   217 | D        | Reached *** piety under Trog
   217 | D        | Reached skill level 6 in Fighting
   217 | D        | Reached skill level 5 in Dodging
   305 | D        | Found a radiant altar of Vehumet.
   305 | D        | Found a deep blue altar of Sif Muna.
   305 | D        | Found an ancient bone altar of Kikubaaqudgha.
   305 | D        | Noticed a wizard
   310 | D        | Killed a wizard
   310 | D        | Reached **** piety under Trog
   310 | D        | Reached skill level 7 in Fighting
   310 | D        | Reached XP level 5. HP: 46/46 MP: 5/5
   321 | D        | Reached ***** piety under Trog
   382 | D        | Found a glowing silver altar of Zin.
   383 | D        | Found a glowing golden altar of the Shining One.
   383 | D        | Found a white marble altar of Elyvilon.
   383 | D        | Noticed a deep elf mage
   390 | D        | Killed a deep elf mage
   390 | D        | Reached skill level 9 in Fighting
   390 | D        | Reached skill level 5 in Throwing
   390 | D        | Reached XP level 6. HP: 57/57 MP: 6/6
   390 | D        | Your scales start taking on a pale cyan-grey colour.
   390 | D        | Reached XP level 7. HP: 63/63 MP: 7/7
   432 | D        | Found an ornate altar of the Wu Jian Council.
   432 | D        | Found a roughly hewn altar of Beogh.
   432 | D        | Found an iron altar of Okawaru.
   432 | D        | Found a bloodstained altar of Trog.
   432 | D        | Found a hide-covered altar of Uskayaw.
   432 | D        | Noticed a human
   432 | D        | Noticed a human
   435 | D        | Killed a human
   440 | D        | Killed a human
   440 | D        | Reached skill level 10 in Fighting
   460 | D        | Found a basalt altar of Yredelemnul.
   460 | D        | Found a shadowy altar of Dithmenos.
   460 | D        | Found a sacrificial altar of Ru.
   461 | D        | Received a gift from Trog
   499 | D        | Noticed a shadow
   506 | D        | Killed a shadow
   506 | D        | Reached XP level 8. HP: 64/72 MP: 8/8
   542 | D        | Found a blossoming altar of Fedhas.
   542 | D        | Found a stormy altar of Qazlal.
   543 | D        | Found a snail-covered altar of Cheibriados.
   543 | D        | Found a burning altar of Makhleb.
   543 | D        | Found a hazy altar of Hepliaklqana.
   543 | D        | Found a shimmering altar of Xom.
   543 | D        | Found an opulent altar of Gozag.
   543 | D        | Found a sparkling altar of Nemelex Xobeh.
   543 | D        | Found a corrupted altar of Lugonu.
   543 | D        | Found a viscous altar of Jiyva.
   556 | D        | Reached skill level 11 in Fighting
   556 | D        | Reached skill level 10 in Maces & Flails
   572 | D        | Received a gift from Trog
   666 | D        | Noticed a two-headed ogre
   673 | D        | Killed a two-headed ogre
   699 | D        | Noticed a two-headed ogre
   699 | D        | Noticed Erolcha
   704 | D        | Killed Erolcha
   704 | D        | Reached skill level 12 in Fighting
   704 | D        | Reached skill level 10 in Dodging
   704 | D        | Reached XP level 9. HP: 81/81 MP: 9/9
   705 | D        | Killed a two-headed ogre
   741 | D        | Received a gift from Trog
  1011 | D        | Received a gift from Trog
  1013 | D        | Reached skill level 13 in Fighting
  1018 | D        | Noticed a queen bee
  1019 | D        | Received a gift from Trog
  1028 | D        | Received a gift from Trog
  1034 | D        | Killed a queen bee
  1044 | D        | Received a gift from Trog
  1045 | D        | Reached ****** piety under Trog
  1143 | D        | Noticed a wandering mushroom
  1149 | D        | Noticed a wandering mushroom
  1156 | D        | Killed a wandering mushroom
  1156 | D        | Reached XP level 10. HP: 91/91 MP: 10/10
  1158 | D        | Received a gift from Trog
  1205 | D        | Noticed a spiny frog
  1205 | D        | Noticed a spiny frog
  1208 | D        | Killed a spiny frog
  1208 | D        | Reached skill level 14 in Fighting
  1211 | D        | Killed a spiny frog
  1215 | D        | Received a gift from Trog
  1743 | D        | Noticed a lindwurm
  1749 | D        | Killed a lindwurm
  1930 | D        | Received a gift from Trog
  1947 | D        | Noticed Urug
  1958 | D        | Killed Urug
  2176 | D        | Received a gift from Trog
  2176 | D        | Reached skill level 15 in Fighting
  2189 | D        | Received a gift from Trog
  2231 | D        | Reached XP level 11. HP: 33/100 MP: 11/11
  2486 | D        | Noticed Rupert
  2493 | D        | Killed Rupert
  2610 | D        | Noticed a death yak
  2611 | D        | Noticed a death yak
  2618 | D        | Noticed a death yak
  2618 | D        | Killed a death yak
  2620 | D        | Killed a death yak
  2620 | D        | Reached skill level 10 in Throwing
  2621 | D        | Noticed a death yak
  2622 | D        | Killed a death yak
  2622 | D        | Received a gift from Trog
  2622 | D        | Reached skill level 16 in Fighting
  2630 | D        | Killed a death yak
  2630 | D        | Reached skill level 15 in Maces & Flails
  2689 | D        | Noticed an azure jelly
  2689 | D        | Noticed an azure jelly
  2690 | D        | Noticed an azure jelly
  2690 | D        | Noticed an azure jelly
  2801 | D        | Noticed an anaconda
  2814 | D        | Killed an anaconda
  2819 | D        | Received a gift from Trog
  3099 | D        | Noticed an anaconda
  3099 | D        | Noticed an anaconda
  3103 | D        | Killed an anaconda
  3106 | D        | Killed an anaconda
  3297 | D        | Noticed an anaconda
  3298 | D        | Noticed an anaconda
  3300 | D        | Killed an anaconda
  3302 | D        | Noticed an anaconda
  3302 | D        | Reached skill level 17 in Fighting
  3303 | D        | Killed an anaconda
  3304 | D        | Killed an anaconda
  3304 | D        | Received a gift from Trog
  3307 | D        | Received a gift from Trog
  3408 | D        | Noticed a naga warrior
  3408 | D        | Noticed a nagaraja
  3416 | D        | Killed a nagaraja
  3416 | D        | Reached skill level 15 in Dodging
  3416 | D        | Reached XP level 12. HP: 112/112 MP: 12/12
  3418 | D        | Killed a naga warrior
  3418 | D        | Received a gift from Trog
  3419 | D        | Found Iremoc's Antique Armour Boutique.
  3419 | D        | Found Goecs's Gadget Emporium.
  3432 | D        | Found Cymoasou's Magic Scroll Shop.
  3456 | D        | Got a serpentine rune of Zot
  3536 | D        | Noticed a dire elephant
  3536 | D        | Noticed a dire elephant
  3536 | D        | Noticed Gastronok
  3540 | D        | Killed a dire elephant
  3540 | D        | Received a gift from Trog
  3545 | D        | Killed Gastronok
  3545 | D        | Reached skill level 18 in Fighting
  3551 | D        | Killed a dire elephant
  3813 | D        | Received a gift from Trog
  3815 | D        | Found Xiacomiu's Antique Armour Shop.
  3816 | D        | Noticed an orc high priest
  3827 | D        | Killed an orc high priest
  3832 | D        | Received a gift from Trog
  3836 | D        | Received a gift from Trog
  4039 | D        | Bought a pair of runed boots for 150 gold pieces
  4068 | D        | Identified a +1 pair of boots of running (You bought it in a shop in the Dungeon)
  4119 | D        | Received a gift from Trog
  4120 | D        | Received a gift from Trog
  4127 | D        | Received a gift from Trog
  4177 | D        | Noticed a deep elf high priest
  4178 | D        | Noticed a deep elf annihilator
  4181 | D        | Killed a deep elf high priest
  4182 | D        | Noticed a deep elf high priest
  4182 | D        | Noticed a deep elf demonologist
  4182 | D        | Noticed a deep elf demonologist
  4185 | D        | Noticed a deep elf blademaster
  4192 | D        | Noticed a deep elf annihilator
  4200 | D        | Killed a deep elf demonologist
  4200 | D        | Received a gift from Trog
  4234 | D        | Killed a deep elf annihilator
  4234 | D        | Reached skill level 19 in Fighting
  4397 | D        | Killed a deep elf high priest
  4597 | D        | Noticed an Executioner
  4598 | D        | Killed a deep elf demonologist
  4598 | D        | Received a gift from Trog
  4598 | D        | Reached XP level 13. HP: 123/123 MP: 4/13
  4625 | D        | Killed a deep elf annihilator
  4625 | D        | Received a gift from Trog
  4760 | D        | Killed a deep elf blademaster
  4812 | D        | Got a pair of bloodstained boots
  4831 | D        | Identified the +0 pair of boots "Omuloas" {+Blink rElec Int+6} (You found it in the Dungeon)
  5053 | D        | Bought a pair of gloves for 112 gold pieces
  5143 | D        | Mangled by an azure jelly

Vault maps used:
D:        dungeon_sprint_mu

Skill      XL: |  1  2  3  4  5  6  7  8  9 10 11 12 13 |
---------------+----------------------------------------+-----
Dodging        | 3 4 5 8 9 10 11 13 15 16 | 16.9
Fighting       | 4 5 7 9 10 12 13 15 17 19 | 19.6
Maces & Flails | 4 5 6 8 9 11 12 14 16 17 18 | 18.2
Throwing       | 1 2 3 5 6 7 8 9 11 12 | 12.5

Action                   |  1- 3 |  4- 6 |  7- 9 | 10-12 | 13-15 || total
-------------------------+-------+-------+-------+-------+-------++-------
Melee: Mace              |    20 |    12 |    27 |       |       ||    59
       Tailslap          |     4 |     4 |     4 |    32 |     3 ||    47
       Dire flail        |       |       |    24 |       |       ||    24
       Great mace        |       |       |       |   171 |    10 ||   181
Throw: Javelin           |       |       |     6 |     1 |       ||     7
       Throwing net      |       |       |       |     1 |       ||     1
       Tomahawk          |       |       |       |    34 |    12 ||    46
Invok: Berserk           |     2 |     3 |     2 |     6 |     2 ||    15
       Burn Spellbooks   |       |     2 |       |       |       ||     2
       Brothers in Arms  |       |       |     5 |    12 |     1 ||    18
 Abil: Breathe Steam     |       |       |     8 |    24 |     3 ||    35
       Evoke Blink       |       |       |       |       |     1 ||     1
  Use: Potion            |       |     5 |       |       |     2 ||     7
       Scroll            |       |     2 |       |     1 |       ||     3
 Stab: Sleeping          |       |       |       |     1 |       ||     1
  Eat: Chunk             |       |     1 |     2 |    15 |       ||    18
       Meat ration       |       |     1 |       |       |       ||     1
       Bread ration      |       |       |     1 |     1 |       ||     2
       Royal jelly       |       |       |       |     1 |     1 ||     2
Armor: Skin              |     4 |     2 |     6 |    20 |     7 ||    39
Dodge: Dodged            |    15 |     5 |    32 |   116 |    11 ||   179

Table legend:
 A = Spawn XP
 B = Non-spawn XP
 C = Spawn XP percentage of total XP
 D = Spawn monster count
 E = Non-spawn monster count
 F = Spawn count percentage of total count
 G = Total turns spent on level
                    A         B        C        D         E        F      G
               +---------+---------+-------+---------+---------+-------+---------
         Total |       0 |   42467 |   0.0 |       0 |     146 |   0.0 |  5143
               +---------+---------+-------+---------+---------+-------+---------
             D |       0 |   42467 |   0.0 |       0 |     146 |   0.0 |  5143
               +---------+---------+-------+---------+---------+-------+---------
